 Dungeon Crawl Stone Soup version 0.29.1-1-gd02db6906a (webtiles) character file.

Game seed: 4006112299130793256

592 GigaChad the Fighter (level 7, -7/69 HPs)
             Began as a Minotaur Fighter on Sept 19, 2022.
             Was a Follower of Okawaru.
             Mangled by an ogre
             ... wielding a +0 giant club
              (20 damage)
             ... on level 5 of the Dungeon.
             The game lasted 00:12:47 (3865 turns).

GigaChad the Fighter (Minotaur Fighter)             Turns: 3865, Time: 00:12:47

Health: -7/69      AC:  7    Str: 22    XL:     7   Next: 16%
Magic:  7/7        EV: 10    Int:  5    God:    Okawaru [*.....]
Gold:   247        SH:  4    Dex: 10    Spells: 5/8 levels left

rFire   . . .      SeeInvis .   i - +0 scimitar
rCold   . . .      Faith    .   c - +0 buckler
rNeg    . . .      Spirit   .   b - +0 scale mail
rPois   .          Reflect  .   (helmet restricted)
rElec   .          Harm     .   (no cloak)
rCorr   .          Rampage  .   (no gloves)
Will    .....                   (no boots)
Stlth   ..........              (no amulet)
HPRegen 0.21/turn               (no ring)
MPRegen 0.10/turn               (no ring)

@: no status effects
A: horns 2, retaliatory headbutt
a: Renounce Religion, Heroism


You were on level 5 of the Dungeon.
You worshipped Okawaru.
Okawaru was aware of your devotion.
You visited 2 branches of the dungeon, and saw 6 of its levels.

You collected 247 gold pieces.

Inventory:

Hand Weapons
 a - a +0 long sword
 i - a +0 scimitar (weapon)
 r - a +2 hand axe of pain
 s - a +1 falchion of holy wrath
Armour
 b - a +0 scale mail (worn)
 c - a +0 buckler (worn)
Scrolls
 e - 2 scrolls of noise
 f - a scroll of silence
 g - 2 scrolls of amnesia
 j - 3 scrolls of teleportation
 m - a scroll of enchant armour {unknown}
 n - a scroll of vulnerability {unknown}
 o - 2 scrolls of fog
 p - a scroll of magic mapping {unknown}
Potions
 d - 3 potions of might
 h - a potion of magic {unknown}
 k - a potion of curing {unknown}
 l - a potion of lignification {unknown}
 q - a potion of resistance {unknown}


   Skills:
 + Level 8.8 Fighting
 - Level 2.6 Long Blades
 - Level 4.0 Armour
 - Level 1.8 Dodging
 - Level 4.2 Shields
 - Level 1.1 Spellcasting


You had 5 spell levels left.
You knew the following spells:

 Your Spells              Type           Power      Damage    Failure   Level
a - Gell's Gravitas       Tloc           0%         N/A       99%         3

Your spell library contained the following spells:

 Spells                   Type           Power      Damage    Failure   Level
 Lesser Beckoning         Tloc           0%         N/A       99%         3
 Teleport Other           Tloc           0%         N/A       99%         3


Dungeon Overview and Level Annotations

Branches:
Dungeon (5/15)             Temple (1/1) D:4

Altars:
Dithmenos
Elyvilon
Fedhas
Hepliaklqana
Kikubaaqudgha
Makhleb
Nemelex Xobeh
Okawaru
Qazlal
Ru
Sif Muna
Vehumet
Wu Jian
Xom
Yredelemnul
Zin
The Shining One


Innate Abilities, Weirdness & Mutations

You have a pair of horns on your head.
You reflexively headbutt those who attack you in melee.


Message History

You kill the gnoll!
Okawaru accepts your kill. The gnoll closely misses you. x2
An adder comes into view.
The adder hisses angrily.
You hear a shout!
You block the gnoll's attack.
You see here a +0 spear.
You hit the gnoll.
The gnoll is moderately wounded.
The gnoll hits you but does no damage.
You hit the gnoll.
The gnoll is severely wounded.
You block the gnoll's attack.
You slash the gnoll!
You kill the gnoll!
Okawaru accepts your kill. The orc hits you but does no damage.
You barely miss the orc. Your headbutt misses the orc.
The orc hits you with a +0 dagger.
* * * LOW HITPOINT WARNING * * *
You closely miss the orc. You headbutt the orc.
The orc is heavily wounded.
The orc hits you but does no damage.
You slash the orc!
You kill the orc!
Okawaru accepts your kill.
You hit the ogre. You headbutt the ogre.
The ogre is lightly wounded.
The ogre barely misses you.
You slash the ogre!
The ogre is heavily wounded.
The ogre completely misses you.
You slash the ogre!
The ogre is severely wounded.
The ogre barely misses you.
You closely miss the ogre.
You headbutt the ogre, but do no damage.
The ogre is severely wounded.
The ogre hits you with a +0 giant club!!
You die...

#.#########..# #.....
#.........(..# #.....
###########..# ######
..........##############
########.#..............
#.#..............
#.#..............
#)#..............
#@#..............
#O#..............
...####S#......?.......
..........h..).........
...#####...............
##.O............
#..............
#..............
#..............


You could see an ogre and an adder.

Vanquished Creatures
  A water moccasin (D:5)
  A phantom (D:5)
  4 hounds
  An orc priest (D:5)
  A gnoll bouda (D:5)
  An iguana (D:4)
  An orc wizard (D:3)
  5 gnolls (D:5)
  3 adders
  A white imp (D:5)
  3 worms
  3 dart slugs
  11 orcs
  6 ball pythons
  7 bats
  7 endoplasms
  A giant cockroach (D:4)
  6 goblins
  5 hobgoblins
  5 kobolds
  5 quokkas
  2 frilled lizards (D:2)
  14 rats
94 creatures vanquished.

Notes
Turn   | Place    | Note
-------+----------+-------------------------------------------
     0 | D:1      | GigaChad the Minotaur Fighter began the quest for the Orb.
     0 | D:1      | Reached XP level 1. HP: 19/19 MP: 0/0
   227 | D:1      | Reached XP level 2. HP: 27/27 MP: 1/1
   458 | D:1      | Reached skill level 4 in Fighting
   805 | D:2      | Reached XP level 3. HP: 33/33 MP: 2/2
  1597 | D:3      | Reached skill level 5 in Fighting
  1597 | D:3      | Reached XP level 4. HP: 27/42 MP: 3/3
  1934 | D:3      | Reached skill level 1 in Dodging
  2280 | D:4      | Found a staircase to the Ecumenical Temple.
  2288 | D:4      | Learned a level 3 spell: Gell's Gravitas
  2307 | Temple   | Entered the Ecumenical Temple
  2321 | Temple   | Became a worshipper of Warmaster Okawaru
  2760 | D:4      | Reached skill level 1 in Spellcasting
  2760 | D:4      | Reached XP level 5. HP: 48/48 MP: 3/5
  3259 | D:5      | Entered Level 5 of the Dungeon
  3271 | D:5      | Noticed a water moccasin
  3277 | D:5      | Reached skill level 6 in Fighting
  3283 | D:5      | Killed a water moccasin
  3284 | D:5      | Reached skill level 7 in Fighting
  3284 | D:5      | Reached XP level 6. HP: 14/60 MP: 6/6
  3349 | D:5      | Reached * piety under Okawaru
  3353 | D:5      | HP: 3/60 [adder (1)]
  3359 | D:5      | Reached skill level 8 in Fighting
  3845 | D:5      | Reached XP level 7. HP: 50/69 MP: 7/7
  3865 | D:5      | Mangled by an ogre

Illustrated notes

Levels and vault maps discovered:
D:1:      minmay_arrival_jagged, layout_basic,
          hellmonk_ecumenical_altar_prayer_group, minmay_rat_gold_closets
D:2:      layout_loops_ring
D:3:      layout_basic
D:4:      layout_loops_ring, minmay_temple_entry_crystal_x, kennysheep_nub
D:5:      layout_basic, hex_intersection, minmay_bent, uniq_grinder
Temple:   sentei_temple_godly_chess

Skill      XL: |  1  2  3  4  5  6 |
---------------+-------------------+-----
Shields        | 4 |  4.2
Fighting       | 4 5 7 8 |  8.8
Armour         | 4 |  4.0
Dodging        | 1 |  1.8
Spellcasting   | 1 |  1.1
Long Blades    | |  2.6

Action                   |  1- 3 |  4- 6 |  7- 9 || total
-------------------------+-------+-------+-------++-------
Melee: Long sword        |    36 |       |       ||    36
       Headbutt          |    11 |    20 |     4 ||    35
       Scimitar          |    58 |    94 |    19 ||   171
  Use: Scroll            |     4 |     2 |       ||     6
Armor: Scale mail        |    50 |    46 |     7 ||   103
Dodge: Dodged            |    47 |    58 |    10 ||   115
Block: Buckler           |    21 |    21 |     4 ||    46
